 Crawl Stoat Soup version 0.23-s2-94-g3f65888a41 (webtiles) character file.

161 FMitz the Cutter (level 5, -4/34 HPs)
             Began as a Sludge Elf Gladiator on May 22, 2023.
             Slain by a gnoll
             ... wielding a cursed +4 halberd
              (17 damage)
             ... on level 3 of the Dungeon.
             The game lasted 00:03:56 (2049 turns).

FMitz the Cutter (Sludge Elf Gladiator)             Turns: 2049, Time: 00:03:57

Health: -4/34      AC:  6    Str: 15    XL:     5   Next: 42%
Magic:  6/6        EV: 11    Int: 10    God:
Gold:   94         SH:  3    Dex: 15    Spells: 4/4 levels left

rFire    . . .     SeeInvis .   j - +2 short sword (distort)
rCold    . . .     Gourm    .   e - +0 buckler
rNeg     . . .     Faith    .   g - +0 ring mail (curse)
rPois    .         Spirit   .   c - +0 helmet
rElec    .         Warding  .   (no cloak)
rCorr    .         Reflect  .   (no gloves)
MR       .....     Harm     .   (no boots)
Stlth    +.........             (no amulet)
HPRegen  0.11/turn              (no ring)
MPRegen  0.10/turn              (no ring)

@: no status effects
A: no striking features
a: no special abilities


You were on level 3 of the Dungeon.
You were hungry.

You visited 1 branch of the dungeon, and saw 3 of its levels.

You collected 94 gold pieces.

Inventory:

Hand Weapons
 a - a +0 quarterstaff
 j - a +2 short sword of distortion (weapon)
Missiles
 d - 3 throwing nets (quivered)
Armour
 c - a +0 helmet (worn)
 e - a +0 buckler (worn)
 g - a cursed +0 ring mail (worn)
Jewellery
 l - an uncursed amulet of faith
Wands
 p - a wand of paralysis (14 charges)
Scrolls
 b - 2 scrolls of amnesia
 i - a scroll of remove curse
 k - 2 scrolls of enchant armour {unknown}
 m - a scroll of fear
 q - a scroll of immolation {unknown}
Potions
 h - a potion of curing {unknown}
 n - a potion of mutation
 o - a potion of ambrosia
 r - a potion of heal wounds {unknown}
 s - a potion of brilliance {unknown}
Comestibles
 f - 2 bread rations


   Skills:
 - Level 2.1 Fighting
 + Level 3.9 Short Blades
 - Level 3.8 Staves
 - Level 2.1 Throwing
 - Level 3.6 Dodging


You had 4 spell levels left.
You didn't know any spells.
Your spell library was empty.

Dungeon Overview and Level Annotations

Branches:
Dungeon (3/15)

Altars:
Ashenzari
Fedhas


Message History

A gnoll comes into view. It is wielding a whip.
The gnoll barely misses you.
A gnoll comes into view. It is wielding a club.
You hit the gnoll.
The gnoll looks slightly unstable.
The gnoll is lightly wounded.
A gnoll comes into view. It is wielding a halberd of freezing.
You block the gnoll's attack.
You hit the gnoll but do no damage.
The gnoll is lightly wounded.
The gnoll disappears!
The gnoll hits you with an enchanted halberd!
The gnoll hits you with a halberd of freezing.
The gnoll freezes you.
You hit the gnoll.
The gnoll is moderately wounded.
The gnoll blinks!
A gnoll comes into view.
The gnoll hits you with an enchanted halberd!
Ouch! That really hurt!
You die...

....g ### ...g. #
......... #...#....
.#.#.g. ... . ..g.#
.. ... #§g# .##
##...#@######## ..#
...w...........## ..#
##########......##
..# ........#.......#
..##
.......)'.......#
....
########.#.......##
...#
#........#.....>..##
...#
#.#####..#.........##
.... #..#..........#


You could see a worm and 5 gnolls.

Vanquished Creatures
  7 gnolls (D:2)
  3 adders
  A dart slug (D:1)
  2 leopard geckos
  2 orcs (D:3)
  4 bats
  2 giant cockroaches
  9 goblins
  5 hobgoblins
  2 jackals (D:1)
  7 kobolds
  A weasel (D:2)
  A ball python (D:1)
  6 frilled lizards
  4 rats (D:2)
56 creatures vanquished.

Vanquished Creatures (others)
  An adder (D:2)
  A leopard gecko (D:2)
  A kobold (D:3)
3 creatures vanquished.

Grand Total: 59 creatures vanquished

Notes
Turn   | Place    | Note
-------+----------+-------------------------------------------
     0 | D:1      | FMitz the Sludge Elf Gladiator began the quest for the Orb.
     0 | D:1      | Reached XP level 1. HP: 14/14 MP: 2/2
   117 | D:1      | Reached XP level 2. HP: 9/19 MP: 3/3
   726 | D:1      | Reached skill level 1 in Short Blades
   816 | D:2      | Reached XP level 3. HP: 20/24 MP: 4/4
  1012 | D:2      | Found a blossoming altar of Fedhas.
  1101 | D:2      | Reached XP level 4. HP: 21/29 MP: 5/5
  1459 | D:2      | Reached XP level 5. HP: 28/34 MP: 6/6
  1992 | D:3      | Found a shattered altar of Ashenzari.
  2049 | D:3      | Slain by a gnoll

Vault maps used:
D:1:      co_arrival_square_in_a_square_in_a_square
D:2:      nicolae_overflow_crystal_walls
D:3:      minmay_diamond_boxcup, nicolae_ashenzari_panopticon,
          kennysheep_small_spiral

Skill      XL: |  1  2  3  4 |
---------------+-------------+-----
Short Blades   | 1 2 3 |  3.9
Fighting       | |  2.1
Staves         | |  3.8
Throwing       | |  2.1
Dodging        | |  3.6

Action                   |  1- 3 |  4- 6 || total
-------------------------+-------+-------++-------
Melee: Quarterstaff      |    37 |       ||    37
       Short sword       |    56 |    94 ||   150
  Use: Scroll            |     2 |     4 ||     6
  Eat: Chunk             |     1 |     2 ||     3
Armor: Leather armour    |    21 |       ||    21
       Ring mail         |    13 |    21 ||    34
Dodge: Dodged            |    74 |    47 ||   121
Block: Buckler           |     7 |    15 ||    22

Table legend:
 A = Spawn XP
 B = Non-spawn XP
 C = Spawn XP percentage of total XP
 D = Spawn monster count
 E = Non-spawn monster count
 F = Spawn count percentage of total count
 G = Total turns spent on level
                    A         B        C        D         E        F      G
               +---------+---------+-------+---------+---------+-------+---------
         Total |      64 |     166 |  27.8 |       8 |      51 |  13.6 |  2049
               +---------+---------+-------+---------+---------+-------+---------
           D:1 |       0 |      33 |   0.0 |       0 |      19 |   0.0 |   800
           D:2 |      63 |     100 |  38.7 |       7 |      22 |  24.1 |  1013
           D:3 |       1 |      33 |   2.9 |       1 |      10 |   9.1 |   236
               +---------+---------+-------+---------+---------+-------+---------
